 Dungeon Crawl Stone Soup version 0.28.0 (webtiles) character file.

Game seed: 18120232420625517272

4959 browni3141 the Cleaver (level 10, -7/139 HPs)
             Began as a Minotaur Berserker on Feb 17, 2022.
             Was a Priest of Trog.
             Killed from afar by an electric eel (9 damage)
             ... with a bolt of electricity
             ... while paralysed by a hornet
             ... on level 8 of the Dungeon.
             The game lasted 00:04:29 (8764 turns).

browni3141 the Cleaver (Minotaur Berserker)         Turns: 8764, Time: 00:04:30

Health: -7/139     AC: 13    Str: 22    XL:     10   Next: 28%
Magic:  0/9        EV:  2    Int:  4    God:    Trog [***...]
Gold:   101        SH:  0    Dex: 12    Spells: 9/9 levels left

rFire   + . .      SeeInvis +   h - +11 war axe "Zepag" {flame, rF+ Str-4 Dex+2 SInv}
rCold   . . .      Faith    .   (no shield)
rNeg    + . .      Spirit   +   r - +0 chain mail
rPois   .          Reflect  .   u - +1 hat
rElec   .          Harm     .   (no cloak)
rCorr   +          Rampage  .   s - +0 pair of gloves {infuse}
Will    .....                   (no boots)
Stlth   ..........              G - amulet of guardian spirit
HPRegen 0.33/turn               R - ring of resist corrosion
MPRegen 0.11/turn               N - ring of positive energy

@: paralysed, berserking, lethally poisoned (-7 -> -20), slowed
A: horns 2, retaliatory headbutt
a: Renounce Religion, Berserk, Trog's Hand


You were on level 8 of the Dungeon.
You worshipped Trog.
Trog was most pleased with you.
You visited 1 branch of the dungeon, and saw 8 of its levels.

You collected 284 gold pieces.
You spent 183 gold pieces at shops.


Innate Abilities, Weirdness & Mutations

You have a pair of horns on your head.
You reflexively headbutt those who attack you in melee.


   Skills:
 + Level 9.8 Fighting
 * Level 13.2 Axes
 + Level 9.4 Armour
 - Level 2.1 Dodging


You had 9 spell levels left.
You didn't know any spells.
Your spell library was empty.

Inventory:

Hand Weapons
 a - a +0 hand axe
 h - the +11 war axe "Zepag" (weapon) {flame, rF+ Str-4 Dex+2 SInv}
   (You acquired it on level 6 of the Dungeon)

   It burns those it strikes, dealing additional fire damage.
   Big, fiery blades are also staple armaments of hydra-hunters.
   Str:       It affects your strength (-4).
   Dex:       It affects your dexterity (+2).
   rF:        It protects you from fire.
   SInv:      It lets you see invisible.
Missiles
 n - 4 throwing nets (quivered)
Armour
 b - a +0 animal skin
 j - a +0 pair of boots
 p - the +0 leather armour of the Leaf {Int+4 Dex+4}
   (You found it on level 5 of the Dungeon)

   Int:       It affects your intelligence (+4).
   Dex:       It affects your dexterity (+4).
 r - a +0 chain mail (worn)
 s - a +0 pair of gloves of infusion (worn)
 u - a +1 hat (worn)
Jewellery
 G - an amulet of guardian spirit (around neck)
 N - a ring of positive energy (right hand)
 R - a ring of resist corrosion (left hand)
 W - a ring of magical power
Scrolls
 e - a scroll of noise {!r}
 f - a scroll of enchant armour
 g - a scroll of fog {@r5}
 m - 4 scrolls of teleportation {@r4}
 o - 2 scrolls of magic mapping
 t - a scroll of identify {@r1}
Potions
 c - a potion of degeneration {unknown}
 d - 3 potions of mutation {unknown}
 i - a potion of haste {unknown}
 k - 6 potions of curing {unknown}
 l - a potion of brilliance {unknown}
 q - 2 potions of heal wounds {@q2}

Dungeon Overview and Level Annotations

Branches:
Dungeon (8/15)             Temple (0/1) D:4
   Lair: D:8-11

Altars:
Dithmenos
Elyvilon
Kikubaaqudgha
Sif Muna
Wu Jian
Yredelemnul

Shops:
D:2 *   D:4 *   D:6 [=(

Portals:
Bailey: D:8

#..)≈≈≈≈≈≈ #....≈≈≈≈.
#...hS≈≈.≈ ...≈.S..≈
.......≈. #........
##...##..# #.!y......#
.. #.@....... #..
#))......# # ##..
##)..##..#######.##
.....
#...##..##........
#...##...#.............
#.....................
#..≈≈≈≈≈.))...........
##.≈...≈((............
#..≈>∩.≈.#..#######...


You could see a hornet, a hound and 2 electric eels.


Message History

Trog accepts your kill. The wolf bites you but does no damage.
The troll bites you!
* * * LOW HITPOINT WARNING * * *
The troll claws you but does no damage. The troll closely misses you.
You slice the troll!! You burn the troll.
You kill the troll!
Trog accepts your kill.
You closely miss the wolf. The wolf barely misses you.
You miss the wolf. You headbutt the wolf.
You kill the wolf!
Trog accepts your kill.
You barely miss the hornet. You miss the hornet. Your punch misses the hornet.
The hornet stings you but does no damage.
A hound comes into view.
The electric eel shoots out a bolt of lightning at you!
The bolt of electricity hits you!
* * * LOW HITPOINT WARNING * * *
You barely miss the hornet. The hornet stings you!
* * * LOW HITPOINT WARNING * * *
You are lethally poisoned!
You suddenly lose the ability to move!
* * * LOW HITPOINT WARNING * * *
You feel sick. The hornet stings you.
* * * LOW HITPOINT WARNING * * *
You are more poisoned.
You feel yourself slow down.
The electric eel shoots out a bolt of lightning at you!
The bolt of electricity hits you!
You die...

Skill      XL: |  1  2  3  4  5  6  7  8  9 |
---------------+----------------------------+-----
Axes           | 4 5 6 7 9 10 13 | 13.2
Fighting       | 4 5 6 7 9 |  9.8
Armour         | 3 4 6 7 9 |  9.4
Dodging        | |  2.1

Action                   |  1- 3 |  4- 6 |  7- 9 | 10-12 || total
-------------------------+-------+-------+-------+-------++-------
Melee: Hand axe          |    90 |    74 |   130 |       ||   294
       Headbutt          |    11 |    11 |    28 |     1 ||    51
       Punch             |       |     2 |     1 |       ||     3
       War axe           |       |       |    38 |    14 ||    52
Invok: Berserk           |       |     4 |     8 |     1 ||    13
       Trog's Hand       |       |       |     1 |       ||     1
  Use: Scroll            |     1 |       |     6 |       ||     7
 Stab: Sleeping          |       |       |     1 |       ||     1
Armor: Animal skin       |    23 |     6 |       |       ||    29
       Leather armour    |       |     3 |     6 |       ||     9
       Chain mail        |       |       |    61 |    14 ||    75
Dodge: Dodged            |    55 |    57 |    78 |     7 ||   197

Levels and vault maps discovered:
D:1:      dpeg_arrival_more_subterranean_lakeside_camping, layout_loops_ring,
          chequers_mini_garden, serial_bayou_ford_a
D:2:      layout_loops_ring, shapermc_ecumenical_altar_venn, serial_shops,
          nicolae_shop_hallway_plus
D:3:      layout_loops_ring, nicolae_overflow_hidden_temple, grunt_ministairs_6
D:4:      layout_basic, minmay_temple_entry_arrows, serial_shops,
          nicolae_stop_n_shop_2
D:5:      layout_loops_ring, grunt_temple_overflow_cloverleaf, elyvilon_altar_4,
          columned_hall_lemuel, uniq_blork_the_orc
D:6:      layout_basic, serial_shops, shop, nicolae_shop_hallway_stairs,
          nicolae_shop_trees, uniq_prince_ribbit1, uniq_grinder
D:7:      layout_rooms, lightli_corner_chamber, uniq_harold
D:8:      layout_gridville, erik_lair_island, serial_shops, shop, shop, shop,
          nicolae_take_the_stairs, shop, enter_bailey_5, uniq_gastronok

Notes
Turn   | Place    | Note
-------+----------+-------------------------------------------
     0 | D:1      | browni3141 the Minotaur Berserker began the quest for the
                  | Orb.
     0 | D:1      | Reached XP level 1. HP: 19/19 MP: 0/0
   339 | D:1      | Reached skill level 4 in Axes
   443 | D:1      | You fall into a shaft and drop 1 floor!
   445 | D:2      | Reached XP level 2. HP: 27/27 MP: 1/1
   805 | D:1      | Reached skill level 4 in Fighting
   812 | D:1      | Reached skill level 3 in Armour
   825 | D:1      | Reached XP level 3. HP: 26/33 MP: 2/2
   906 | D:1      | Reached ** piety under Trog
  1175 | D:2      | Found a faded altar of an unknown god.
  1486 | D:2      | Found Oworr's General Store.
  1491 | D:2      | Bought a scroll of identify for 22 gold pieces
  1783 | D:2      | >>X>
  2165 | D:3      | Reached skill level 5 in Axes
  2206 | D:3      | Reached XP level 4. HP: 40/40 MP: 3/3
  2364 | D:3      | HP: 6/61 [poisoned by an adder]
  2367 | D:3      | HP: 2/41 [poisoned by an adder]
  2717 | D:3      | Found an ancient bone altar of Kikubaaqudgha.
  2881 | D:4      | Found a staircase to the Ecumenical Temple.
  2916 | D:4      | Reached XP level 5. HP: 31/47 MP: 4/4
  3050 | D:4      | Noticed a black bear
  3057 | D:4      | Killed a black bear
  3058 | D:4      | Reached skill level 5 in Fighting
  3058 | D:4      | Reached skill level 6 in Axes
  3058 | D:4      | Reached skill level 4 in Armour
  3587 | D:4      | Found Ynuufen's General Store.
  3733 | D:5      | Entered Level 5 of the Dungeon
  3743 | D:5      | Reached XP level 6. HP: 55/56 MP: 5/5
  4066 | D:5      | Identified the +0 leather armour of the Leaf {Int+4 Dex+4}
  4101 | D:5      | Noticed an ice beast
  4110 | D:5      | Killed an ice beast
  4111 | D:5      | Reached skill level 7 in Axes
  4475 | D:4      | Reached XP level 7. HP: 62/62 MP: 6/6
  4476 | D:4      | Reached *** piety under Trog
  4486 | D:4      | Reached skill level 5 in Armour
  5121 | D:5      | Found a white marble altar of Elyvilon.
  5249 | D:5      | Reached skill level 6 in Fighting
  5439 | D:5      | Found a shimmering blue altar of Sif Muna.
  5439 | D:5      | Noticed Blork the orc
  5455 | D:5      | Killed Blork the orc
  5456 | D:5      | Reached skill level 8 in Axes
  5627 | D:5      | Found a shadowy altar of Dithmenos.
  5630 | D:5      | Found an ornate altar of the Wu Jian Council.
  5633 | D:5      | Found a basalt altar of Yredelemnul.
  5700 | D:6      | Found Yzukhloj's Antique Armour Shoppe.
  5755 | D:4      | Bought a +0 pair of gloves of infusion for 161 gold pieces
  5779 | D:6      | Noticed Prince Ribbit
  6039 | D:6      | Killed Prince Ribbit
  6040 | D:6      | Reached skill level 9 in Axes
  6040 | D:6      | Reached skill level 6 in Armour
  6040 | D:6      | Reached XP level 8. HP: 71/71 MP: 0/7
  6470 | D:6      | Reached skill level 7 in Fighting
  6595 | D:6      | Noticed Grinder
  6625 | D:6      | Reached skill level 10 in Axes
  6625 | D:6      | Reached skill level 7 in Armour
  6633 | D:6      | Paralysed by Grinder for 7 turns
  6642 | D:6      | Killed Grinder
  7046 | D:6      | Reached XP level 9. HP: 78/81 MP: 4/8
  7117 | D:6      | Reached skill level 8 in Fighting
  7406 | D:6      | Found Gaatat's Jewellery Shop.
  7417 | D:6      | Identified a scroll of acquirement
  7419 | D:6      | Acquired the +11 war axe "Zepag" {flame, rF+ Str-4 Dex+2
                  | SInv}
  7503 | D:6      | Found Hupiblor's Weapon Emporium.
  7713 | D:6      | Reached skill level 11 in Axes
  8066 | D:7      | Noticed a manticore
  8100 | D:7      | Noticed Harold
  8110 | D:7      | Reached skill level 8 in Armour
  8116 | D:7      | Killed Harold
  8117 | D:7      | Reached skill level 9 in Fighting
  8117 | D:7      | Reached skill level 12 in Axes
  8656 | D:8      | Noticed Gastronok
  8658 | D:8      | Found a flagged portal.
  8667 | D:8      | Killed Gastronok
  8668 | D:8      | Reached skill level 13 in Axes
  8668 | D:8      | Reached skill level 9 in Armour
  8668 | D:8      | Reached XP level 10. HP: 78/92 MP: 0/9
  8762 | D:8      | HP: 11/139 [electric eel/bolt of electricity (7)]
  8763 | D:8      | HP: 4/139 [hornet (7)]
  8763 | D:8      | Paralysed by a hornet for 3 turns
  8764 | D:8      | Killed from afar by an electric eel

Vanquished Creatures
  Gastronok (D:8)
  Harold (D:7)
  A troll (D:8)
  Prince Ribbit (D:6)
  Grinder (D:6)
  3 yaks (D:6)
  A steam dragon (D:7)
  3 water moccasins
  An orc warrior (D:7)
  An ice beast (D:5)
  A sky beast (D:6)
  A black bear (D:4)
  An ogre (D:6)
  A centaur (D:8)
  A wolf (D:8)
  A kobold brigand (D:8)
  Blork the orc (D:5)
  3 bullfrogs
  2 scorpions
  2 wyvern skeletons
  A bullfrog zombie (D:5)
  2 orc priests
  2 centaur skeletons (D:7)
  A gnoll shaman (D:6)
  2 hounds
  An iguana (D:4)
  A bullfrog skeleton (D:6)
  3 orc wizards
  2 hound skeletons
  12 gnolls
  6 adders
  2 white imps
  A worm (D:2)
  2 dart slugs
  16 orcs
  4 ball pythons
  5 bats
  12 endoplasms
  7 giant cockroaches
  14 goblins
  3 hobgoblins
  4 quokkas
  7 frilled lizards
  7 kobolds
  7 rats
152 creatures vanquished.

Vanquished Creatures (others)
  3 plants (D:1)
3 creatures vanquished.

Grand Total: 155 creatures vanquished

Table legend: (Time is in decaauts)
 A = Elapsed time spent in this place.
 B = Non-inter-level travel time spent in this place.
 C = Inter-level travel time spent in this place.
 D = Time resting spent in this place.
 E = Time spent auto-exploring this place.
 F = Levels seen in this place.
 G = Mean time per level.
                   A        B        C        D        E       F      G
               +--------+--------+--------+--------+--------+-----+--------+
         Total |   8883 |   8613 |    270 |   2138 |   5518 |   8 | 1110.4 |
       Dungeon |   8883 |   8613 |    270 |   2138 |   5518 |   8 | 1110.4 |
               +--------+--------+--------+--------+--------+-----+--------+

Top non-repeatable levels by time:
     D:5: 2018 daAuts
     D:4: 1632 daAuts
     D:6: 1519 daAuts
     D:1: 1068 daAuts
     D:3: 1056 daAuts
     D:2: 748 daAuts
     D:7: 725 daAuts
     D:8: 115 daAuts

Table legend:
 A = Non-vault XP
 B = Vault XP
 C = Vault XP percentage of total XP
 D = Non-vault monster count
 E = Vault monster count
 F = Vault count percentage of total count
                 A         B        C        D         E       F
            +---------+---------+-------+---------+---------+-------
      Total |    3701 |    3384 |  47.8 |     139 |      13 |   8.6
            +---------+---------+-------+---------+---------+-------
        D:1 |      45 |       0 |   0.0 |      26 |       0 |   0.0
        D:2 |      35 |       0 |   0.0 |      15 |       0 |   0.0
        D:3 |      38 |      16 |  29.6 |      14 |       2 |  12.5
        D:4 |     406 |       0 |   0.0 |      25 |       0 |   0.0
        D:5 |     548 |     100 |  15.4 |      12 |       1 |   7.7
        D:6 |    1575 |     522 |  24.9 |      24 |       2 |   7.7
        D:7 |     729 |     860 |  54.1 |      15 |       1 |   6.2
        D:8 |     325 |    1886 |  85.3 |       8 |       7 |  46.7
            +---------+---------+-------+---------+---------+-------
